[Event "Live Chess"]
[Site "Chess.com"]
[Date "2024.06.02"]
[Round "-"]
[White "DoctorMantisTobogganMD"]
[Black "Queensandpawns"]
[Result "1-0"]
[WhiteElo "2236"]
[BlackElo "2277"]
[TimeControl "300"]
[EndTime "7:27:28 PDT"]
[Termination "DoctorMantisTobogganMD won by resignation"]

1. e4 d5 2. exd5 c6 3. d4 Nf6 4.
Nf3 Bg4 5. h3 Bh5 6. g4 Bg6 7.
Ne5 Qxd5 8. Rg1 Qe4+ 9. Be3 Qxc2 10. Nxg6 Qxg6 11. Bd3 Ne4 12. f3 1-0

[Event "Live Chess"]
[Site "Chess.com"]
[Date "2024.06.02"]
[Round "-"]
[White "CarmelJane"]
[Black "FlyingChessKestrel13"]
[Result "1/2-1/2"]
[WhiteElo "2011"]
[BlackElo "2066"]
[TimeControl "300"]
[EndTime "7:27:30 PDT"]
[Termination "Game drawn by repetition"]

1. Nf3 d6 2. b3 Nf6 3. Bb2 g6 4. g3 Bg7 5. Bg2 O-O 6. O-O Nbd7 7. c4 e5 8. d3 Re8 9. Nbd2 Nf8 10. Rc1 c6 11. e3 Bg4 12. h3 Be6 13. a3 Qd7 14.
Ng5 h6 15. Nxe6 Nxe6 16. Ne4 Nxe4 17. Bxe4 f5 18. Bg2 f4 19. exf4 exf4 20. Bxg7 Kxg7 21.
d4 Qf7 22. d5 cxd5 23. Bxd5 Qf5 24. g4 Qg5 25. Bxb7 Rab8 26. Bc6 Rf8 27. Bd5 Rxb3 28. Bxe6 Rxh3 29. Qd4+ Kh7 30. Qxa7+ Kh8 31. Qd4+ Kh7 32. Qxd6 Qh4 33. Qd7+ Kh8 34. Qd4+ Kh7 35. Qe4 f3 36. Qb7+ Kh8 37. Qb2+ Kh7 38. Qb7+ Kh8 39. Qb2+ Kh7 40. Qb7+ 1/2-1/2

[Event "Live Chess"]
[Site "Chess.com"]
[Date "2024.06.02"]
[Round "-"]
[White "dmitro74"]
[Black "Mikhail_Golubev"]
[Result "0-1"]
[WhiteElo "1746"]
[BlackElo "2493"]
[TimeControl "300"]
[EndTime "7:27:31 PDT"]
[Termination "Mikhail_Golubev won by resignation"]

1. d4 Nf6 2. c4 g6 3. Nc3 Bg7 4. e4 d6 5. Bd3 O-O 6. Nge2 Nc6 7. a3 Nh5 8. d5 Ne5 9. Bc2 Nxc4 10. b3 Nb6 11.
Bb2 e6 12. O-O exd5 13. exd5 Re8 14. Rb1 Bd7 15. Qd2 Qh4 16. Ng3 Nf4 17. Rfe1 Rxe1+ 18. Rxe1 Nfxd5 19. Nxd5 Bxb2 20. Nxc7 Rc8 21. Qxd6 Qd8 22. Ne4 Qxc7 23. Nf6+ Bxf6 24. Qxf6 Qxc2 25. h3 Bc6 26. Re7 Rf8 27. Re3 Nd5 0-1

[Event "Live Chess"]
[Site "Chess.com"]
[Date "2024.06.02"]
[Round "-"]
[White "booktrunk"]
[Black "Colm_Buckley"]
[Result "0-1"]
[WhiteElo "1491"]
[BlackElo "1872"]
[TimeControl "300"]
[EndTime "7:27:40 PDT"]
[Termination "Colm_Buckley won by resignation"]

1. d4 e6 2. Nc3 Nf6 3. Bf4 c5 4. dxc5 Bxc5 5. e3 O-O 6. a3 a5 7. Bd6 Bxd6 8. Qxd6 Ne8 9. Qd2 d5 10. Nf3 Nc6 11. Be2 Nd6 12. O-O Qe7 13. Rad1 b6 14. h3 Ba6 15. Bxa6 Rxa6 16. Qe2 Ra7 17. Nh2 Rc8 18. Nb5 Nxb5 19. Qxb5 Qc5 20. Qxc5 bxc5 21. Nf3 Rb8 22. Rb1 Rab7 23. b3 a4 24. Nd2 axb3 25. Rxb3 Na5 26. Rxb7 Rxb7 27. Rb1 Rxb1+ 28. Nxb1 Kf8 29. Kf1 Ke7 30. Ke2 Kd6 31. Kd2 e5 32.
Kc3 d4+ 33. exd4 exd4+ 34. Kd3 Kd5 35. Nd2 c4+ 36. Ke2 g6 37. g4 f5 38. gxf5 gxf5 39. f3 Kc5 40. Nb1 c3 41. Kd3 Nc4 42. h4 Nb2+ 43.
Ke2 Kd5 44. h5 Ke5 45. Kf2 d3 46. cxd3 c2 47. f4+ Kxf4 0-1

[Event "Live Chess"]
[Site "Chess.com"]
[Date "2024.06.02"]
[Round "-"]
[White "ACM42"]
[Black "PavelChernomordik"]
[Result "0-1"]
[WhiteElo "2176"]
[BlackElo "2499"]
[TimeControl "300"]
[EndTime "7:27:40 PDT"]
[Termination "PavelChernomordik won by resignation"]

1. e4 g6 2. d4 Bg7 3. Nc3 d6 4.
Nf3 a6 5. Be3 b5 6. a3 Bb7 7.
Bd3 Nd7 8. O-O c5 9. dxc5 Nxc5 10. Re1 Qc7 11. Nd5 Bxd5 12. exd5 Bxb2 13. Ra2 Bg7 14. c4 Nxd3 15. Qxd3 Qxc4 16. Qxc4 bxc4 17. Rc1 Rc8 18. Rac2 c3 19. Bd4 Bxd4 20. Nxd4 Nf6 21. Rxc3 Rxc3 22. Rxc3 Kd8 23. Rc6 Nxd5 24. Rxa6 Nc7 25.
Ra7 Kd7 26. f4 Rb8 27. Kf2 e5 28. fxe5 dxe5 29. Nf3 f6 30. h4 Rb2+ 31. Kg3 Rb3 32. h5 e4 0-1

[Event "Live Chess"]
[Site "Chess.com"]
[Date "2024.06.02"]
[Round "-"]
[White "KeithArkell"]
[Black "NottheBishopSacrifice"]
[Result "1/2-1/2"]
[WhiteElo "2417"]
[BlackElo "2346"]
[TimeControl "300"]
[EndTime "7:27:47 PDT"]
[Termination "Game drawn by repetition"]

1. d4 d5 2. Nf3 Nf6 3. c4 c6 4. Qc2 dxc4 5. Qxc4 Bf5 6. g3 e6 7. Bg2 Nbd7 8. O-O Be7 9. Bg5 O-O 10. Nbd2 Ne4 11.
Bxe7 Qxe7 12. Rfd1 Rfd8 13. Rac1 Rac8 14. e3 h6 15. Qb3 Ndf6 16. Ne5 Nxd2 17. Rxd2 Be4 18.
Bxe4 Nxe4 19. Rdc2 Rd5 20. a4 Rcd8 21. Kg2 g6 22.
Nd3 h5 23. Nc5 Nxc5 24. Rxc5 Kg7 25. a5 a6 26. h4 R8d7 27. Qa3 e5 28. Rxd5 Qxa3 29.
bxa3 Rxd5 30. dxe5 Rxe5 31. Rb1 Rxa5 32. Rxb7 Rxa3 33.
Rb6 c5 34. Rc6 Ra5 35. Kf3 Kf8 36. Ke4 Ke7 37. Kd5 Ra2 38. f3 Ra3 39. Ke4 Ra4+ 40. Ke5 Ra3 41. Rc7+ Ke8 42. Ke4 Ra4+ 43. Kd5 Ra3 44.
Ke4 Ra4+ 45. Ke5 Ra3 46. Kf4 Ra4+ 47. e4 c4 48. Ke5 Ra3 49. f4 Rxg3 50. Rxc4 Rb3 51.
Rc7 Rb6 52. Ra7 Re6+ 53. Kd5 Kf8 54. f5 gxf5 55. exf5 Rb6 56. Ke5 Kg7 57. Ra8 Rb5+ 58. Kf4 f6 59. Ra7+ Kh6 60. Rxa6 Kg7 61. Ra7+ Kh6 62.
Rf7 Rb4+ 63. Ke3 Rb3+ 64. Kd4 Rb4+ 65. Kd5 Rxh4 66. Ke6 Ra4 67. Kxf6 Ra6+ 68. Ke7 Ra7+ 69. Kf8 Ra8+ 70. Ke7 Ra7+ 71. Ke6 Ra6+ 72. Ke5 Ra5+ 73. Ke4 Ra4+ 74. Ke5 Ra5+ 75. Ke4 Ra4+ 76. Ke5 Ra5+ 1/2-1/2

[Event "Live Chess"]
[Site "Chess.com"]
[Date "2024.06.02"]
[Round "-"]
[White "NAZRIZ1977"]
[Black "stevochess11"]
[Result "1-0"]
[WhiteElo "2061"]
[BlackElo "1689"]
[TimeControl "300"]
[EndTime "7:27:58 PDT"]
[Termination "NAZRIZ1977 won by resignation"]

1. d4 Nf6 2. c4 c5 3. d5 b5 4. cxb5 a6 5. bxa6 Bxa6 6. Nc3 g6 7.
e4 Bxf1 8. Kxf1 d6 9. Nf3 Bg7 10. g3 Nbd7 11. Kg2 O-O 12. Re1 Qa5 13. a4 Rfb8 14. Nd2 Nb6 15. Nb3 Qb4 16. a5 Na4 17.
Rxa4 Qxb3 18. Qxb3 Rxb3 19. a6 Nd7 20. Bg5 Kf8 21. Nd1 Bxb2 22. Nxb2 Rxb2 23. Rea1 Ne5 24. a7 Nd3 25. Be3 Ke8 26. Rd1 Nb4 27. e5 Kd7 28. exd6 exd6 29. Bd2 Nxd5 30. Bc1 Rc2 31. Rxd5 Rxc1 32.
Ra6 Ra1 33. Rxa1 1-0

[Event "Live Chess"]
[Site "Chess.com"]
[Date "2024.06.02"]
[Round "-"]
[White "agamilewska"]
[Black "seasidecastle27"]
[Result "1-0"]
[WhiteElo "1766"]
[BlackElo "1932"]
[TimeControl "300"]
[EndTime "7:28:32 PDT"]
[Termination "agamilewska won by resignation"]

1. d4 e6 2. c4 d5 3. cxd5 exd5 4. Nc3 Nf6 5. Nf3 Be7 6. Bg5 O-O 7. Bxf6 Bxf6 8. e3 c6 9. Bd3 Nd7 10. h3 Re8 11.
O-O Nf8 12. Re1 Bd7 13. Rc1 Rc8 14. Na4 Ne6 15. Nc5 Nxc5 16. dxc5 Bxb2 17. Rb1 Ba3 18.
Rxb7 Bxc5 19. Bxh7+ Kxh7 20. Qc2+ Kg8 21. Qxc5 Qf6 22. Rxd7 1-0

[Event "Live Chess"]
[Site "Chess.com"]
[Date "2024.06.02"]
[Round "-"]
[White "80Times"]
[Black "matt1979"]
[Result "1-0"]
[WhiteElo "1886"]
[BlackElo "1427"]
[TimeControl "300"]
[EndTime "7:28:34 PDT"]
[Termination "80Times won by checkmate"]

1. e4 d6 2. d4 Nf6 3. Nc3 Nbd7 4. Nf3 e5 5. Bc4 Be7 6. O-O c6 7. a4 Qc7 8. Re1 h6 9. h3 g5 10. Be3 Nf8 11. dxe5 dxe5 12. Qe2 g4 13. hxg4 Bxg4 14. Rad1 Ng6 15. Rd3 Nh4 16. Red1 Nxf3+ 17. gxf3 Bh3 18.
Kh2 Qc8 19. Rg1 Nh5 20. f4 exf4 21. Qxh5 fxe3 22. Qxf7# 1-0

[Event "Live Chess"]
[Site "Chess.com"]
[Date "2024.06.02"]
[Round "-"]
[White "ProfPoisson"]
[Black "Plimsol"]
[Result "0-1"]
[WhiteElo "1330"]
[BlackElo "2372"]
[TimeControl "300"]
[EndTime "7:29:12 PDT"]
[Termination "Plimsol won by resignation"]

1. e4 e5 2. Nf3 Nc6 3. d4 exd4 4.
Bc4 g6 5. Ng5 Nh6 6. Qf3 Ne5 7.
Qb3 Nxc4 8. Qxc4 Bg7 9. O-O O-O 10. Nf3 b6 11. Bxh6 Bxh6 12. Qxd4 Bg7 13. Qd5 Rb8 14.
Nc3 Bb7 15. Qd3 Bxc3 16. bxc3 d6 17. Rad1 Qf6 18. Rfe1 Rfe8 19. Qc4 Re7 20. Nd4 Rbe8 21. Nc6 Bxc6 22. Qxc6 a5 23. f3 Kg7 24. c4 Qc3 25. a4 Qxc2 26. Qd5 Re5 27. Qc6 R8e7 28. h4 Rc5 29. Qa8 Qxc4 30. Kh1 Qxa4 31. Qd8 Re8 32.
Qxe8 Qxe8 33. g4 Qe5 34. h5 Qg3 35. h6+ Kxh6 36. g5+ Kg7 37. f4 Rc2 0-1

[Event "Live Chess"]
[Site "Chess.com"]
[Date "2024.06.02"]
[Round "-"]
[White "r0ad_t0-gm"]
[Black "wadsy27"]
[Result "0-1"]
[WhiteElo "2271"]
[BlackElo "2600"]
[TimeControl "300"]
[EndTime "7:29:15 PDT"]
[Termination "wadsy27 won by resignation"]

1. Nf3 Nf6 2. g3 e6 3. Bg2 d5 4. O-O Be7 5. d3 O-O 6. Nbd2 c5 7. e4 Nc6 8. Re1 b5 9. e5 Nd7 10. Nf1 a5 11. h3 Ba6 12. h4 Qb6 13. h5 h6 14. g4 Nd4 15. Ng3 Nxf3+ 16. Qxf3 Rfc8 17. g5 hxg5 18. h6 g6 19. Qg4 Qd8 20. Bxd5 exd5 21. e6 Nf8 22. exf7+ Kh7 23. Nf5 Bf6 24. Re8 Qd7 25.
Ne3 Qxf7 26. Rxc8 Bxc8 27. Qf3 Be6 28. Bd2 Bxb2 29. Qxf7+ Bxf7 30. Rb1 Bd4 31. Rxb5 Bxe3 32. Bxe3 d4 33. Bxg5 Ne6 34. Bd2 g5 35. Rb7 Kg6 36. h7 Rh8 37. Bxa5 Rxh7 38. Bb6 Nf4 39. Bxc5 Bxa2 40. Rb6+ Kf5 41. f3 Bd5 42. Bxd4 Ne2+ 43. Kf2 Nxd4 44. c3 Nxf3 45. c4 Bb7 46. Rb5+ Kf4 47.
Rb6 Rh2+ 48. Kf1 Kg3 0-1

[Event "Live Chess"]
[Site "Chess.com"]
[Date "2024.06.02"]
[Round "-"]
[White "Mangoalo"]
[Black "juniortay"]
[Result "0-1"]
[WhiteElo "1066"]
[BlackElo "2303"]
[TimeControl "300"]
[EndTime "7:29:20 PDT"]
[Termination "juniortay won by resignation"]

1. c4 e6 2. d4 d5 3. cxd5 exd5 4. Nc3 c5 5. dxc5 d4 6. Ne4 Qd5 7. f3 Nc6 8. Nh3 Bxh3 9. gxh3 Bxc5 10. Nxc5 Qxc5 11. b3 Nf6 12. Bd2 Qh5 13. Qc2 Qh4+ 14. Kd1 O-O 15. e4 Rac8 16. Be1 Qh5 17. Be2 Nb4 18. Qd2 Nc2 19. Rc1 Ne3+ 20. Qxe3 dxe3 0-1

[Event "Live Chess"]
[Site "Chess.com"]
[Date "2024.06.02"]
[Round "-"]
[White "halfberg"]
[Black "CheckThis4"]
[Result "0-1"]
[WhiteElo "1916"]
[BlackElo "2681"]
[TimeControl "300"]
[EndTime "7:29:25 PDT"]
[Termination "CheckThis4 won by resignation"]

1. e4 d5 2. exd5 c6 3. d4 cxd5 4. c4 Nf6 5. Nc3 Nc6 6. Nf3 e6 7. Be2 Be7 8. O-O O-O 9. h3 dxc4 10. Bxc4 b6 11. d5 Na5 12. Bb5 Nxd5 13. Ne4 Bb7 14. a3 Rc8 15. Bd3 h6 16. Bd2 f5 17. Nc3 Bf6 18.
Nxd5 Qxd5 19. Bb4 Rfd8 20. Qe2 Nb3 21. Rad1 Nd4 22. Qe3 Nxf3+ 23. gxf3 Qxf3 24. Qxf3 Bxf3 25. Rd2 Bg5 26. Rc2 Rxc2 27. Bxc2 Bd2 28. Bb3 Kf7 29. Rd1 Bxd1 30. Bxd1 Bxb4 0-1

[Event "Live Chess"]
[Site "Chess.com"]
[Date "2024.06.02"]
[Round "-"]
[White "Kyrylo7770"]
[Black "grillage"]
[Result "1-0"]
[WhiteElo "1654"]
[BlackElo "1857"]
[TimeControl "300"]
[EndTime "7:29:34 PDT"]
[Termination "Kyrylo7770 won on time"]

1. d4 e6 2. Nf3 Nf6 3. Bg5 Be7 4. h4 c5 5. e3 cxd4 6. exd4 d6 7. c3 b6 8. Bb5+ Bd7 9. Bxd7+ Nbxd7 10. O-O h6 11. Bf4 O-O 12. Nbd2 Nd5 13. Ne4 Nxf4 14. Qd2 Nd5 15. g3 N5f6 16. Nxf6+ Nxf6 17. Qf4 Rc8 18. Kg2 b5 19. g4 Nd5 20. Qg3 b4 21. g5 hxg5 22.
hxg5 g6 23. Rh1 Kg7 24. Rh6 Rh8 25. Rah1 Qc7 26. Qh4 Bxg5 27. Nxg5 Qb8 28. Rh7+ Rxh7 29. Qxh7+ Kf6 30. Ne4+ Ke7 31. Qh4+ Kd7 32. Qh7 Rf8 33.
c4 Nf4+ 34. Kf3 Nh5 35. Qh6 Qd8 36. c5 d5 37. Nd6 Qf6+ 38. Ke2 Rh8 39. Qc1 Qxd4 40.
Nxf7 Rc8 41. Qe3 Nf4+ 42. Kf3 Qxe3+ 43. fxe3 Nd3 44. Rh7 Ke8 45. Nd6+ Kd8 46. Rh8+ Kd7 47. Rxc8 Nxb2 48. Ra8 Nd3 49. Rxa7+ Kc6 50. Nb7 Nxc5 51.
Nxc5 Kxc5 52. Rc7+ 1-0

[Event "Live Chess"]
[Site "Chess.com"]
[Date "2024.06.02"]
[Round "-"]
[White "Colm_Buckley"]
[Black "NottheBishopSacrifice"]
[Result "1-0"]
[WhiteElo "1887"]
[BlackElo "2331"]
[TimeControl "300"]
[EndTime "7:29:39 PDT"]
[Termination "Colm_Buckley won - game abandoned"]

1. d4 d5 2. c4 e6 3. Nc3 Nf6 4. Nf3 Nbd7 5. Bg5 Be7 6. e3 O-O 7. Rc1 h6 8. Bh4 a6 9. a3 dxc4 10. Bxc4 b5 11. Ba2 Bb7 12. O-O c5 13. Bb1 1-0

[Event "Live Chess"]
[Site "Chess.com"]
[Date "2024.06.02"]
[Round "-"]
[White "JohanKjeldahl"]
[Black "LL220284LL"]
[Result "0-1"]
[WhiteElo "1793"]
[BlackElo "2467"]
[TimeControl "300"]
[EndTime "7:29:49 PDT"]
[Termination "LL220284LL won by resignation"]

1. c4 c6 2. e4 g6 3. Nc3 d6 4.
d4 Bg7 5. Be3 Nd7 6. Qd2 Qa5 7.
f3 Rb8 8. Bd3 b5 9. cxb5 cxb5 10.
Nge2 b4 11. Nd5 e6 12. Ndf4 Ba6 13. O-O Bxd3 14. Nxd3 Ngf6 15. a3 Qb5 16. axb4 Qb7 17. Ra5 Nb6 18. Rfa1 Nc4 19. Qc3 Nxe3 20. Rxa7 Qc8 21.
e5 Qxc3 22. bxc3 dxe5 23. Nxe5 O-O 24. Nd7 Nxd7 25. Rxd7 Rbc8 26. Raa7 Nd5 27. Ra3 Rc4 28. Kf2 Rfc8 29. b5 Nxc3 30. Nxc3 Rxc3 31. Rxc3 Rxc3 32. b6 Rb3 33. b7 Bf8 34. Kg3 Kg7 35. Kf4 Kf6 36.
g4 Bh6+ 37. Kg3 Bc1 38. h4 h5 39. g5+ Kg7 40. d5 exd5 41. Rxd5 Rxb7 42. Rd3 Bb2 43. f4 Kf8 44. Kf3 Rc7 45. Ke4 Re7+ 46. Kf3 Rc7 47.
Ke4 Ke7 48. f5 Rc4+ 49. Kd5 Rxh4 50. fxg6 fxg6 51. Rb3 Rd4+ 52. Kc5 Rd2 53. Rb7+ Ke6 0-1

[Event "Live Chess"]
[Site "Chess.com"]
[Date "2024.06.02"]
[Round "-"]
[White "Crowded_House"]
[Black "Hoogleboogle"]
[Result "1-0"]
[WhiteElo "1647"]
[BlackElo "1258"]
[TimeControl "300"]
[EndTime "7:30:33 PDT"]
[Termination "Crowded_House won on time"]

1. d4 d5 2. Bg5 Nf6 3. e3 Bf5 4. Bd3 Bg6 5. c3 e6 6. Nf3 Be7 7. Qc2 c5 8. dxc5 Bxc5 9. Nbd2 Nc6 10. O-O Bd6 11. Rfe1 Bxd3 12. Qxd3 Ne5 13. Nxe5 Bxe5 14. Nf3 Bd6 15. e4 h6 16. Bxf6 Qxf6 17. exd5 Rd8 18. Qb5+ Rd7 19. dxe6 fxe6 20. Rad1 a6 21. Qa4 b5 22.
Qe4 1-0

[Event "Live Chess"]
[Site "Chess.com"]
[Date "2024.06.02"]
[Round "-"]
[White "missedJariChance"]
[Black "ShanthamGrarks"]
[Result "1-0"]
[WhiteElo "1381"]
[BlackElo "1903"]
[TimeControl "300"]
[EndTime "7:30:34 PDT"]
[Termination "missedJariChance won by checkmate"]

1. b3 d5 2. Bb2 c5 3. Nf3 Nc6 4.
e3 Nf6 5. c4 Bg4 6. cxd5 Nxd5 7. Be2 e6 8. h3 Bh5 9. d4 cxd4 10. Nxd4 Bb4+ 11. Nd2 Nxd4 12. Bxd4 Bxe2 13. Qxe2 Qa5 14. Rd1 Qxa2 15. O-O Bxd2 16. Rxd2 Qxb3 17. Bxg7 Rg8 18. Rb2 Qa4 19. Bd4 b6 20. Rc1 Qd7 21. Qh5 Rc8 22.
Rxc8+ Qxc8 23. Qxh7 Ne7 24. Bf6 Qb7 25. f3 Rf8 26. Qd3 Nd5 27. Rd2 Qc6 28. e4 Qc5+ 29.
Kh1 Qc1+ 30. Rd1 Qf4 31. Qb5# 1-0

[Event "Live Chess"]
[Site "Chess.com"]
[Date "2024.06.02"]
[Round "-"]
[White "PavelChernomordik"]
[Black "KeithArkell"]
[Result "1-0"]
[WhiteElo "2505"]
[BlackElo "2411"]
[TimeControl "300"]
[EndTime "7:30:38 PDT"]
[Termination "PavelChernomordik won by resignation"]

1. e4 c6 2. Nc3 d5 3. Nf3 Bg4 4. h3 Bxf3 5. Qxf3 dxe4 6. Nxe4 Nd7 7. Ng5 Ngf6 8. Qb3 e6 9. Qxb7 Rc8 10. d4 c5 11. Bf4 cxd4 12. O-O-O Bc5 13. Ba6 O-O 14.
Qxc8 Qxc8 15. Bxc8 Rxc8 16. Nf3 Nd5 17. Bg3 Nb4 18.
Nxd4 Nxa2+ 19. Kb1 Nb4 20. Nxe6 fxe6 21. Rxd7 Nxc2 22. Kxc2 Bxf2+ 23. Rc7 1-0

[Event "Live Chess"]
[Site "Chess.com"]
[Date "2024.06.02"]
[Round "-"]
[White "nitrofish07"]
[Black "GerardATHart"]
[Result "1/2-1/2"]
[WhiteElo "2085"]
[BlackElo "1412"]
[TimeControl "300"]
[EndTime "7:30:55 PDT"]
[Termination "Game drawn by agreement"]

1. e4 e5 2. Nc3 Nf6 3. f4 d5 4. fxe5 Nxe4 5. d4 f5 6. Nf3 Be7 7. Bd3 O-O 8. O-O Be6 9. Kh1 Nc6 10. Qe1 Nb4 11. a3 Nxd3 12. cxd3 Ng5 13. Bxg5 Bxg5 14. Qg3 Bh6 15. b4 g5 16. Rac1 f4 17. Qf2 g4 18.
Nd2 Qg5 19. Ne2 f3 20. Nxf3 gxf3 21. gxf3 Qe3 22. Qxe3 Bxe3 23. Rxc7 Bh3 24. Re1 Rxf3 25. Ng3 Bxd4 26. e6 Re8 27. Rxb7 Rf2 28. Rg1 Rd2 29. Nf5+ Bxg1 30. Nh6+ Kh8 31. Nf7+ Kg8 32. Nh6+ Kh8 33. Nf7+ Kg8 1/2-1/2

[Event "Live Chess"]
[Site "Chess.com"]
[Date "2024.06.02"]
[Round "-"]
[White "kylet1990"]
[Black "DJ_Lambton"]
[Result "0-1"]
[WhiteElo "750"]
[BlackElo "1820"]
[TimeControl "300"]
[EndTime "7:30:55 PDT"]
[Termination "DJ_Lambton won by resignation"]

1. e4 c6 2. Nc3 d5 3. Nf3 Bg4 4. exd5 cxd5 5. d4 e6 6. h3 Bxf3 7. Qxf3 Nc6 8. Bf4 Nxd4 9. Qd1 Nc6 10. Nb5 Rc8 11. Bd3 a6 12. Nd6+ Bxd6 13. Bxd6 Qxd6 14. O-O Nf6 15. Re1 O-O 16. c4 dxc4 17. Bxc4 Qxd1 18.
Raxd1 b5 19. Bd3 Rfd8 20. g4 Nb4 21. Re3 Rd6 22. Bxh7+ Kxh7 23. Rxd6 Rc1+ 24. Kg2 Nbd5 25. Ra3 Rd1 26. Raxa6 Rd3 27. Ra5 Nf4+ 28. Kh2 Rxh3+ 29. Kg1 Ne4 30. f3 Nxd6 31. Ra6 Nc4 0-1

[Event "Live Chess"]
[Site "Chess.com"]
[Date "2024.06.02"]
[Round "-"]
[White "FlyingChessKestrel13"]
[Black "DoctorMantisTobogganMD"]
[Result "0-1"]
[WhiteElo "2062"]
[BlackElo "2240"]
[TimeControl "300"]
[EndTime "7:30:56 PDT"]
[Termination "DoctorMantisTobogganMD won by resignation"]

1. e4 g6 2. d4 c6 3. Nc3 Bg7 4. Nge2 d5 5. e5 h5 6. Be3 b5 7. a3 a5 8. g3 Bg4 9. Bg2 Bxe2 10. Qxe2 e6 11. O-O Nd7 12. f4 Nh6 13. Bf2 Bf8 14. h3 Nf5 15. g4 Nh4 16. Bh1 hxg4 17.
Qxg4 Be7 18. Ne2 Nf5 19. b3 a4 20. bxa4 Rxa4 21. c3 Qa5 22. c4 bxc4 23. Be1 Qa7 24. Bc3 c5 25. dxc5 Nxc5 26. Kh2 Nb3 27. Rfd1 Rxa3 28.
Rxa3 Qxa3 29. Bg2 Ne3 0-1

[Event "Live Chess"]
[Site "Chess.com"]
[Date "2024.06.02"]
[Round "-"]
[White "lyricalschemes"]
[Black "GwaryTek"]
[Result "1-0"]
[WhiteElo "2221"]
[BlackElo "1870"]
[TimeControl "300"]
[EndTime "7:31:01 PDT"]
[Termination "lyricalschemes won on time"]

1. e4 Nf6 2. Nc3 d5 3. e5 Ne4 4.
d4 Nxc3 5. bxc3 c5 6. Nf3 Nc6 7. Be2 Bg4 8. O-O e6 9. Bg5 Qd7 10. h3 Bh5 11. Rb1 h6 12. Bh4 g5 13. Bg3 Bg7 14.
Qd3 Bg6 15. Qd2 Rc8 16. dxc5 O-O 17. Bd3 Bh5 18. Nd4 Nxe5 19. Bxe5 Bxe5 20. g4 Bf4 21.
Qe2 Rxc5 22. gxh5 Rxc3 23. Nf3 a6 24. Kg2 Re8 25. Ne5 Qc7 26. Ng4 Kg7 27. Rfe1 Ra3 28. c4 dxc4 29. Bxc4 Qc6+ 30. Kg1 Rxh3 31. Qb2+ e5 32.
f3 Qxc4 33. Qg2 Rg3 34. Rbd1 Rxg2+ 35. Kxg2 f6 36. Nf2 Qc6 37. Re4 g4 38. Nxg4 f5 39. Nxe5 Bxe5 40. Rd7+ Qxd7 41. Rxe5 1-0

[Event "Live Chess"]
[Site "Chess.com"]
[Date "2024.06.02"]
[Round "-"]
[White "gmnorfolk"]
[Black "JanMur7"]
[Result "0-1"]
[WhiteElo "2154"]
[BlackElo "2300"]
[TimeControl "300"]
[EndTime "7:31:15 PDT"]
[Termination "JanMur7 won by checkmate"]

1. c4 c5 2. Nc3 Nc6 3. Nf3 g6 4. g3 Bg7 5. Bg2 e6 6. O-O Nge7 7.
e3 O-O 8. d4 cxd4 9. exd4 d5 10. cxd5 exd5 11. Bf4 Bg4 12. h3 Bxf3 13. Qxf3 Nxd4 14.
Qd3 Ne6 15. Bd2 Nc5 16. Qb5 Qb6 17. Qxb6 axb6 18. Rfd1 Rfd8 19. Bf4 d4 20. Nb5 d3 21.
Bc7 Rd7 22. Bxb6 Na4 23. Be3 Nxb2 24. Rf1 Nc4 25. Rad1 Nxe3 26. fxe3 Rxa2 27. Nd4 Bxd4 28. Rxd3 Bxe3+ 29. Rxe3 Nf5 30. Re8+ Kg7 31. g4 Rdd2 32. Be4 Ng3 33. Re1 Nxe4 34. R8xe4 Rg2+ 35. Kh1 Rh2+ 36. Kg1 Rag2+ 37. Kf1 Ra2 38. R4e3 Rh1# 0-1

[Event "Live Chess"]
[Site "Chess.com"]
[Date "2024.06.02"]
[Round "-"]
[White "Grace6363"]
[Black "Purple1szed"]
[Result "0-1"]
[WhiteElo "1129"]
[BlackElo "2002"]
[TimeControl "300"]
[EndTime "7:31:21 PDT"]
[Termination "Purple1szed won by resignation"]

1. d4 d5 2. c4 c6 3. Nc3 Nf6 4. Nf3 dxc4 5. e4 b5 6. a4 b4 7.
Nb1 Nxe4 8. Bxc4 Bg4 9. O-O e6 10. Nbd2 Nxd2 11. Qxd2 Be7 12. Qf4 Bxf3 13. Qxf3 O-O 14.
Bf4 Qxd4 15. b3 Qc3 16. Qxc3 bxc3 17. Rac1 Bf6 18. g4 g6 19. Bg5 Bxg5 20. Rxc3 Bf6 21.
Rf3 Bg7 22. h4 Nd7 23. Rd1 Ne5 24. Rf4 Nxc4 25. Rxc4 Rfd8 26. Rxd8+ Rxd8 27. Rxc6 Rd1+ 28. Kg2 Rb1 29. Rc7 Rxb3 30. Rxa7 Bd4 31. Ra8+ Kg7 32. a5 Ra3 33. a6 Ra2 34. h5 Rxf2+ 35. Kg3 Ra2 36.
hxg6 hxg6 37. Kh4 Ra3 38. g5 Bf2+ 39. Kg4 Be3 40. Kh4 Ra5 41. Kg4 Rxg5+ 42. Kf3 Ra5 43. Kxe3 g5 44. Kf3 Ra4 45. a7 Kf6 46. Kg3 Ra3+ 47.
Kg4 Ra4+ 48. Kg3 Kf5 49. Rf8 Ra3+ 50. Kf2 Rxa7 0-1

[Event "Live Chess"]
[Site "Chess.com"]
[Date "2024.06.02"]
[Round "-"]
[White "Dashman93"]
[Black "JoeyCage"]
[Result "1-0"]
[WhiteElo "2147"]
[BlackElo "2387"]
[TimeControl "300"]
[EndTime "7:31:24 PDT"]
[Termination "Dashman93 won on time"]

1. e4 c5 2. Nf3 Nc6 3. Bb5 g6 4. Bxc6 dxc6 5. O-O Bg7 6. Re1 Nf6 7. d3 O-O 8. e5 Nd5 9. Nc3 Nxc3 10. bxc3 b6 11. h3 h6 12. c4 Be6 13. Bb2 Qd7 14. Qd2 b5 15. Qf4 a5 16. Ba3 b4 17. Bc1 Rfb8 18.
Be3 Qa7 19. Nd2 g5 20. Qg3 Qc7 21. f4 gxf4 22. Bxf4 a4 23. Bxh6 Kf8 24. Qxg7+ Ke8 25. Ne4 Kd7 26. Nxc5+ Kc8 27. Qf8+ Qd8 28. Nxe6 fxe6 29.
Qxd8+ Kxd8 30. Rf1 Kd7 31. Be3 Rh8 32. Kh2 1-0

[Event "Live Chess"]
[Site "Chess.com"]
[Date "2024.06.02"]
[Round "-"]
[White "DylanMeyer1"]
[Black "Bradfield133"]
[Result "0-1"]
[WhiteElo "1728"]
[BlackElo "1849"]
[TimeControl "300"]
[EndTime "7:31:50 PDT"]
[Termination "Bradfield133 won on time"]

1. c4 c5 2. Nc3 g6 3. g3 Bg7 4. Bg2 Nc6 5. e3 e5 6. Nge2 Nge7 7. O-O O-O 8. b3 a6 9. Bb2 Rb8 10. a3 b5 11. cxb5 axb5 12. Nd5 Nxd5 13. Bxd5 Ne7 14. Bg2 d5 15. d4 exd4 16. exd4 c4 17. bxc4 bxc4 18.
Bc3 Nf5 19. Nf4 Be6 20. Qd2 Rb3 21. Rfb1 Rxc3 22. Qxc3 Bxd4 23. Qd2 Bxa1 24. Rxa1 Qb6 25. Nxd5 Rd8 26. Nf6+ Kg7 27. Qc3 Nd4 28. Ne4 Qb3 29. f4 Qxc3 30. Nxc3 Nb3 31. Ra2 Rd3 32. Kf2 Rxc3 33.
a4 Na5 34. Bc6 Rb3 35. Bb5 c3 36. Ke2 Rb2+ 37. Rxb2 cxb2 38. Bd3 Nc4 39. Kd1 Na3 40. Kd2 b1=Q 41. Bxb1 Nxb1+ 42. Kd3 Bd5 43. Kd4 Bf3 44.
a5 Kf6 45. Kc5 Kf5 46. Kb6 Kg4 47. a6 Kh3 48. a7 Kxh2 49. Kc7 Kxg3 50. Kd8 h5 51.
Ke7 h4 52. Kxf7 h3 53. Kxg6 h2 54. Kg5 h1=Q 55. f5 Bb7 56. f6 Qd5+ 0-1

[Event "Live Chess"]
[Site "Chess.com"]
[Date "2024.06.02"]
[Round "-"]
[White "lateforthesky"]
[Black "Anareza_Firouzja"]
[Result "1-0"]
[WhiteElo "2070"]
[BlackElo "1881"]
[TimeControl "300"]
[EndTime "7:31:51 PDT"]
[Termination "lateforthesky won by resignation"]

1. e4 c5 2. Nf3 d6 3. d4 cxd4 4. Nxd4 Nf6 5. Nc3 g6 6. Be2 Bg7 7. O-O Nc6 8. Be3 O-O 9. f3 a6 10. Nb3 b5 11. Qe1 Bb7 12. Qf2 Nd7 13. a4 b4 14. Nd5 Bxb2 15. a5 Bxa1 16. Rxa1 Nce5 17. f4 Bxd5 18. exd5 Qc7 19. fxe5 Qxc2 20. Nd4 Qc7 21. Rc1 Qxa5 22. Nc6 Qd8 23. Bh6 Qb6 24. Nxe7+ Kh8 25. Bxf8 Qxf2+ 26. Kxf2 Nxf8 27. exd6 a5 28. d7 Nxd7 29.
Bb5 Nf6 30. Ra1 Ne4+ 31. Ke3 Nc3 32. d6 Nxb5 33. d7 Nc7 34. Nc8 Ne6 35. Kd2 a4 36.
Re1 1-0

[Event "Live Chess"]
[Site "Chess.com"]
[Date "2024.06.02"]
[Round "-"]
[White "SavagePawn7"]
[Black "elephantgerrald"]
[Result "1-0"]
[WhiteElo "696"]
[BlackElo "852"]
[TimeControl "300"]
[EndTime "7:32:27 PDT"]
[Termination "SavagePawn7 won by checkmate"]

1. e4 e5 2. d4 exd4 3. c3 dxc3 4. Bc4 cxb2 5. Bxb2 Nf6 6. e5 h6 7. exf6 gxf6 8.
Qe2+ Be7 9. Bxf6 Nc6 10. Bxh8 Nd4 11. Bxd4 d5 12. Bb3 Bf5 13. Bf6 Qd6 14. Bxe7 Qxe7 15. Qxe7+ Kxe7 16. Nf3 Rd8 17. O-O Kd7 18. Bxd5 Kc8 19.
Nc3 Bd3 20. Rfd1 Bf5 21. Bxb7+ Kxb7 22. Rxd8 Kc6 23. Ne5+ Kc5 24. Nxf7 Kc4 25. Rc1 Kb4 26. Rb8+ Ka3 27. Nxh6 Be6 28. Re8 Bc4 29. Re4 Bxa2 30. Nxa2 Kxa2 31. Rxc7 a5 32. Ra7 Kb3 33. Rxa5 Kc3 34.
f3 Kb3 35. Ra8 Kc3 36. Rd8 Kb3 37. Re7 Kc4 38. Rc7+ Kb5 39. Rb8+ Ka6 40. Rb1 Ka5 41.
Ra7# 1-0